 Dungeon Crawl Stone Soup version 0.20-a0-766-g52e1353 (webtiles) character file.

1750170 Dodecahedronist the Conqueror (level 27, 84/249 HPs)
             Began as a Merfolk Skald on Feb 26, 2017.
             Was the Champion of Wu Jian.
             Escaped with the Orb
             ... and 3 runes!
             The game lasted 04:09:46 (63461 turns).

Dodecahedronist the Conqueror (Merfolk Skald)      Turns: 63461, Time: 04:09:46

Health: 84/249     AC: 36    Str: 28    XL:     27
Magic:  27/30      EV: 18    Int: 11    God:    Wu Jian [******]
Gold:   4653       SH: 35    Dex: 22    Spells: 29/30 levels left

rFire    + . .     SeeInvis +   x - +5 demon trident (vamp)
rCold    + . .     Gourm    .   R - +4 gold dragon scales
rNeg     + . .     Faith    .   o - +2 large shield of Amelioration {rElec MR+ Int-4 Dex+2}
rPois    +         Spirit   .   Y - +2 helmet {SInv}
rElec    +         Reflect  +   p - +0 cloak "Ovuch" {rElec rCorr}
rCorr    +         Harm     .   Q - +2 pair of gloves {Str+3}
MR       +++..                  m - +2 pair of boots of the Assassin {Detection Stab+ Stlth++}
Stlth    ..........             y - +6 amulet of reflection
Regen    0.6/turn               f - ring of positive energy
MPRegen  0.3/turn               k - +4 ring of strength

@: very slightly contaminated, hasted, very quick
A: change form in water, swift swim, stealthy swim, agile 1, clever 1, strong 1
0: Orb of Zot
}: 3/15 runes: barnacled, silver, gossamer
a: Serpent's Lash, Heaven On Earth, Renounce Religion


You escaped.
You worshipped Wu Jian.
Wu Jian was exalted by your worship.
You were full.

You visited 9 branches of the dungeon, and saw 47 of its levels.
You visited the Abyss 1 time.
You also visited: Sewer, Bailey and Ice Cave.

You collected 6100 gold pieces.
You spent 1447 gold pieces at shops.

Inventory:

Hand Weapons
 n - a +2 trishula of holy wrath
 x - a +5 vampiric demon trident (weapon)
Armour
 m - the +2 pair of boots of the Assassin (worn) {Detection Stab+ Stlth++}
   (You acquired it on level 2 of the Shoals)

   It makes you much more stealthy.
 o - the +2 large shield of Amelioration (worn) {rElec MR+ Int-4 Dex+2}
   (You acquired it on level 3 of the Vaults)

   It affects your intelligence (-4).
   It affects your dexterity (+2).
   It insulates you from electricity.
   It affects your resistance to hostile enchantments.
 p - the +0 cloak "Ovuch" (worn) {rElec rCorr}
   (You found it on level 4 of the Shoals)

   It insulates you from electricity.
   It protects you from acid and corrosion.
 Q - a +2 pair of gloves of strength (worn)
 R - +4 gold dragon scales (worn)
 Y - a +2 helmet of see invisible (worn)
Jewellery
 f - a ring of positive energy (right hand)
 k - a +4 ring of strength (left hand)
 y - a +6 amulet of reflection (around neck)
 A - the ring of the Mage {Wiz MR++ Int+3}
   (You found it in an ice cave)

   [ring of wizardry]

   It improves your spell success rate.
   It affects your intelligence (+3).
   It affects your resistance to hostile enchantments.
 E - an uncursed ring of protection from fire
 I - an uncursed ring of protection from cold
 S - the ring of Puix {rElec MR+ SInv}
   (You found it on level 3 of the Lair of Beasts)

   [ring of protection from magic]

   It insulates you from electricity.
   It affects your resistance to hostile enchantments.
   It lets you see invisible.
Wands
 a - a wand of paralysis (7/24)
 e - a wand of iceblast (3/15)
 G - a wand of clouds (6/9)
 H - a wand of lightning (8/15)
 T - a wand of digging (7/24)
Scrolls
 g - 23 scrolls of teleportation
 i - 13 scrolls of remove curse
 v - 6 scrolls of recharging
 B - a scroll of identify
 J - a scroll of fog
 M - 6 scrolls of blinking
 N - 9 scrolls of fear
 X - 4 scrolls of summoning
Potions
 b - 6 potions of agility
 h - 3 potions of might
 j - 6 potions of mutation
 q - 18 potions of curing
 r - 7 potions of heal wounds
 s - 5 potions of flight
 t - 6 potions of berserk rage
 u - a potion of cancellation
 z - 6 potions of invisibility
 L - a potion of ambrosia
 P - 2 potions of haste
 Z - a potion of resistance
Miscellaneous
 c - a sack of spiders
 C - 4 boxes of beasts
 D - a lamp of fire
 W - a phial of floods
Comestibles
 d - 29 bread rations
 l - 23 meat rations
 F - 28 fruits
 K - 6 royal jellies


   Skills:
 O Level 27 Fighting
 + Level 22.5 Polearms
 * Level 15.1 Armour
 - Level 17.0 Dodging
 - Level 25.0 Shields
 - Level 2.0 Spellcasting
 - Level 4.0 Charms
 - Level 10.1 Evocations


You had 29 spell levels left.
You knew the following spells:

 Your Spells              Type           Power        Failure   Level  Hunger
a - Infusion              Chrm           #...         90%         1    ##.....


Dungeon Overview and Level Annotations

Branches:
Dungeon (15/15)            Temple (1/1) D:4            Lair (6/6) D:8
 Shoals (4/4) Lair:3       Spider (4/4) Lair:2        Slime (0/5) Lair:6
    Orc (2/2) D:9             Elf (0/3) Orc:2        Vaults (5/5) D:14
  Crypt (0/3) Vaults:2     Depths (5/5) D:15            Zot (5/5) Depths:5

Altars:
Ashenzari
Cheibriados
Dithmenos
Elyvilon
Fedhas
Gozag
Hepliaklqana
Kikubaaqudgha
Nemelex Xobeh
Okawaru
Qazlal
Ru
Sif Muna
Trog
Uskayaw
Vehumet
Wu Jian
Xom
Yredelemnul
The Shining One
Beogh
Jiyva

Shops:
D:11 =   D:13 (   D:14 (   Orc:2 =[**(   Shoals:3 *   Vaults:2 [   Vaults:4 }

Portals:
Hell: Depths:1 Depths:2 Depths:3 Depths:4 Depths:5
Abyss: Depths:1 Depths:2 Depths:3 Depths:4 Depths:5
Pandemonium: Depths:2 Depths:3 Depths:4 Depths:5
Ziggurat: Depths:5
Trove: Vaults:4 (give 19 potions of curing)

Annotations:
Lair:1 exclusion: 2 oklob plants
Lair:4 Dolanko's ghost, journeyman DrGl
Depths:5 exclusion: downstairs


Innate Abilities, Weirdness & Mutations

You revert to your normal form in water.
You are very nimble and swift while swimming.
You are very stealthy in the water. (Stealth+)
You are agile. (Dex +2)
Your mind is acute. (Int +2)
Your muscles are strong. (Str +2)


Message History

Evoke which item? (* to show all) (? for menu, Esc to quit)
Aiming: Dig
Press: ? - help, Shift-Dir - straight line, p - lorocyproca The rock shatters into small pieces.
This wand has 7 charges left.
The Brimstone Fiend calls on the powers of darkness!
Your body is wracked with pain!
There is an escape hatch in the floor here.
A sun demon comes into view.
There is a dry fountain here.
You spin and attack the sun demon repeatedly!
You completely miss the sun demon. You barely miss the sun demon.
You block the sun demon's attack.
You spin and attack the sun demon repeatedly!
You closely miss the sun demon. x2; You impale the sun demon!!
The sun demon seems to slow down as you strike a pressure point.
The sun demon is heavily wounded.
You block the sun demon's attack.
There is an open door here.
There is a staircase leading out of the dungeon here.
You have escaped!

##'## ##>## ##'###.#
##...######.2.######...##.#
#.......................#.#
#..⌠........⌠........⌠..#.#
#.......................#.#
##...######...######...##.#
##### #####3#####
######.### ##.........##
#.... #..♣..@..♣..# #####
##.........## ###########


You could see a lorocyproca (invisible) and a sun demon.

Vanquished Creatures
  Mennas (Vaults:2)
  3 ancient liches
  5 orbs of fire
  Sojobo (Depths:4)
  Frederick (Depths:4)
  Bai Suzhen (Depths:3)
  4 curse toes
  Saint Roka (Vaults:4)
  A caustic shrike (Depths:4)
  2 Killer Klowns
  6 golden dragons
  the Enchantress (Depths:3)
  Arachne (Spider:3)
  2 liches
  A Tzitzimitl (Zot:1)
  An Ice Fiend (IceCv)
  Jorgrun (Shoals:4)
  8 tentacled monstrosities
  A titan (Vaults:5)
  23 Orb Guardians
  A deep elf blademaster (Depths:2)
  4 quicksilver dragons
  A sphinx (Depths:4)
  3 death cobs
  Gastronok (Lair:1)
  Polyphemus (Shoals:2)
  A tentacled starspawn (Abyss:3)
  7 shadow dragons
  8 tengu reavers
  3 thorn hunters (Depths:3)
  2 draconian monks (Zot:1)
  6 storm dragons
  Ilsuiw (Shoals:4)
  21 vault wardens
  A draconian scorcher (Zot:5)
  The ghost of M4edhros the Unseen, an adept OpAr of Fedhas (Spider:1)
  10 fire giants
  4 orc warlords
  17 frost giants
  3 deep elf sorcerers
  3 draconian knights
  4 ghost moths
  An iron dragon (Depths:4)
  4 draconian shifters
  2 draconian annihilators (Zot:1)
  Louise (Depths:3)
  6 emperor scorpions
  A deep elf elementalist (Vaults:5)
  4 spriggan defenders
  3 cacodemons
  21 ironheart preservers
  3 reapers
  A war gargoyle (Vaults:5)
  3 vampire knights
  27 very ugly things
  18 stone giants
  An entropy weaver (Vaults:3)
  2 black draconians
  A stone giant (shapeshifter) (Vaults:1)
  4 green draconians
  2 deep elf demonologists
  4 white draconians
  6 spark wasps
  2 deep elf annihilators
  7 yellow draconians
  4 purple draconians
  The ghost of emsyzz the Protected, a journeyman MiFi of Makhleb (Lair:4)
  7 red draconians
  7 merfolk javelineers
  An ettin (shapeshifter) (Depths:1)
  Snorg (D:11)
  2 deep elf high priests (Vaults:5)
  A green death (Depths:1)
  2 deep elf death magi
  A fire dragon (shapeshifter) (Depths:5)
  6 large abominations
  16 ettins
  4 merfolk impalers
  16 yaktaur captains
  11 fire dragons
  The ghost of emsyzz the Cleaver, a journeyman HOMo of Fedhas (Lair:3)
  5 great orbs of eyes
  11 ice dragons
  2 monstrous demonspawn (Depths:5)
  Fannar (D:11)
  8 rakshasas
  10 hydras
  3 spriggan air magi
  An anaconda (Depths:3)
  A death knight (Abyss:3)
  8 merfolk aquamancers
  40 vault guards
  7 centaur warriors
  2 merfolk avatars
  4 catoblepae
  A two-headed ogre (shapeshifter) (Vaults:1)
  2 dancing weapons (Zot:1)
  3 death yaks
  An alligator snapping turtle (Shoals:3)
  19 ogre magi
  8 deep troll shamans
  63 two-headed ogres
  7 tengu warriors
  2 vampire magi (Vaults:2)
  An orc high priest (Vaults:1)
  4 deep troll earth magi
  11 spriggan berserkers
  4 thrashing horrors (Abyss:3)
  A soul eater (Depths:1)
  Sonja (Lair:2)
  2 hell knights
  2 wretched stars (Abyss:3)
  A sun demon (Depths:4)
  6 unseen horrors
  12 deep elf knights
  3 shadow wraiths
  4 iron trolls
  A skeletal warrior (Vaults:2)
  11 sea snakes
  A fire crab (shapeshifter) (Depths:4)
  An unseen horror (shapeshifter) (Depths:5)
  6 glowing orange brains
  32 deep trolls
  A torturous demonspawn (Depths:3)
  3 flayed ghosts
  A spriggan druid (Depths:3)
  5 deep elf archers
  An infernal demonspawn (Depths:5)
  7 wizards
  A glowing orange brain (shapeshifter) (D:14)
  A gelid demonspawn (Depths:5)
  2 phantasmal warriors
  A lindwurm (Lair:6)
  A necromancer (Vaults:5)
  17 harpies
  14 deep elf magi
  32 orc knights
  16 orb spiders
  11 ironbrand convokers
  A mana viper (shapeshifter) (Depths:3)
  8 orc sorcerers
  34 wolf spiders
  9 cyclopes
  74 ugly things
  A cyclops (shapeshifter) (Vaults:3)
  8 manticores
  A manticore (shapeshifter) (Vaults:5)
  21 moths of wrath
  A fire giant skeleton (Vaults:5)
  2 worldbinders (Abyss:3)
  A faun (shapeshifter) (Vaults:3)
  A toenail golem (Zot:5)
  A stone giant zombie (Vaults:5)
  11 merfolk sirens
  24 elephants
  2 centaur zombies
  10 black mambas
  3 molten gargoyles (Lair:6)
  6 spiny frogs
  3 rust devils
  5 smoke demons
  An ice statue (IceCv)
  An orange demon (Depths:4)
  23 vault sentinels
  A gargoyle (D:10)
  A spiny frog (shapeshifter) (D:15)
  9 water nymphs
  A rime drake (shapeshifter) (Vaults:4)
  A kobold demonologist (Bailey)
  2 rime drakes (Lair:6)
  17 komodo dragons
  57 yaktaurs
  15 demonic crawlers
  4 ice devils (IceCv)
  5 freezing wraiths
  A yaktaur zombie (Vaults:5)
  A komodo dragon (shapeshifter) (Depths:1)
  2 tengu conjurers
  4 anaconda simulacra (IceCv)
  An ancient zyme (Abyss:3)
  3 red devils
  6 small abominations
  9 trolls
  35 jumping spiders
  23 merfolk
  2 trolls (shapeshifter)
  5 wind drakes
  A meliai (shapeshifter) (Depths:2)
  2 wolf spider simulacra
  11 blink frogs
  A wind drake (shapeshifter) (Vaults:2)
  A dream sheep (shapeshifter) (Vaults:5)
  Prince Ribbit (Lair:1)
  16 hippogriffs
  10 snapping turtles
  36 slime creatures
  5 dream sheep
  13 hornets
  84 redbacks
  2 shadows
  A tarantella (shapeshifter) (Vaults:2)
  18 water elementals
  26 tarantellas
  6 air elementals (Depths:5)
  10 spriggans
  4 vampires
  A hog (shapeshifter) (Depths:3)
  5 wraiths
  A dire elephant simulacrum (IceCv)
  49 yaks
  10 wyverns
  A human (shapeshifter) (Depths:3)
  3 basilisks
  A fire bat (shapeshifter) (Vaults:4)
  2 golden eyes (Abyss:3)
  3 hungry ghosts
  7 vampire mosquitoes
  2 steam dragons (Lair:6)
  3 chaos spawn
  3 neqoxecs
  A death yak simulacrum (IceCv)
  2 insubstantial wisps
  5 harpy simulacra (IceCv)
  13 wargs
  An elf skeleton (Vaults:5)
  3 hydra simulacra (IceCv)
  8 swamp worms (Lair:3)
  2 iron troll simulacra (IceCv)
  3 porcupines
  2 acid dragons
  A floating eye (Depths:2)
  14 water moccasins
  A hornet zombie (D:11)
  5 hell hounds (Lair:6)
  74 orc warriors
  4 ice beasts
  3 phantoms
  A black bear (Lair:1)
  An ettin simulacrum (Vaults:2)
  An ogre (shapeshifter) (Depths:3)
  3 eyes of draining
  3 sky beasts
  47 ogres
  A necrophage (D:12)
  A wolf (Lair:1)
  19 boggarts
  12 centaurs
  10 crocodiles
  2 big kobolds
  23 bullfrogs
  A deep troll simulacrum (Vaults:5)
  A water moccasin zombie (D:10)
  A wyvern skeleton (D:12)
  4 scorpions
  An orc simulacrum (Vaults:1)
  11 killer bees
  14 wights
  2 howler monkeys
  7 electric eels
  2 bullfrog zombies
  3 lava snakes (Lair:6)
  12 crimson imps
  2 quasits
  4 starcursed masses (Abyss:3)
  A draconian simulacrum (IceCv)
  2 gnoll shamans
  17 orc priests
  A bullfrog skeleton (D:11)
  11 hounds
  6 jellies
  17 orc wizards
  8 centaur skeletons
  4 iron imps
  4 iguanas
  8 worker ants
  Terence (D:3)
  A hell rat (Depths:1)
  A spriggan simulacrum (IceCv)
  A killer bee zombie (D:9)
  5 troll simulacra (IceCv)
  4 wolf simulacra (IceCv)
  5 centaur simulacra (IceCv)
  2 hound zombies (D:8)
  A worker ant zombie (D:10)
  19 gnolls
  3 naga simulacra (IceCv)
  16 adders
  2 ogre simulacra
  2 river rats (Sewer)
  5 shadow imps
  8 white imps
  7 ufetubi
  An ooze (D:1)
  An adder zombie (D:6)
  15 worms
  3 dart slugs
  7 leopard geckos
  123 orcs
  4 bats
  12 giant cockroaches
  21 goblins
  16 hobgoblins
  13 jackals
  16 kobolds
  4 quokkas
  A ball python (D:3)
  6 frilled lizards
  A jackal skeleton (D:8)
  A jackal zombie (D:6)
  A leopard gecko zombie (D:5)
  9 rats
  A macabre mass (Abyss:3)
  2 plants
  A starspawn tentacle (Abyss:3)
2348 creatures vanquished.

Vanquished Creatures (collateral kills)
  An electric golem (Zot:5)
  A faun (Shoals:2)
  A snapping turtle (Shoals:2)
  4 water elementals
7 creatures vanquished.

Vanquished Creatures (others)
  A draconian knight (Zot:5)
  2 fire giants
  3 stone giants
  An ogre mage (Vaults:5)
  A yaktaur captain (Depths:2)
  A satyr (Shoals:4)
  4 centaur warriors
  A tengu warrior (Depths:3)
  2 deep elf knights
  A deep troll (Vaults:1)
  An ironbrand convoker (Vaults:3)
  2 deep elf archers
  A deep elf mage (Vaults:5)
  A manticore (Shoals:4)
  22 yaktaurs
  2 merfolk (Shoals:4)
  A water elemental (Depths:4)
  A warg (Vaults:4)
  An orc warrior (Vaults:5)
  A centaur (Shoals:3)
  An orc wizard (Orc:1)
  2 white imps (IceCv)
  An ufetubus (IceCv)
  13 fungi
  7 plants
  4 starspawn tentacles (Abyss:3)
78 creatures vanquished.

Grand Total: 2433 creatures vanquished

Notes
Turn   | Place    | Note
-------+----------+-------------------------------------------
     0 | D:1      | Dodecahedronist the Merfolk Skald began the quest for the Orb.
     0 | D:1      | Reached XP level 1. HP: 16/16 MP: 3/3
   237 | D:1      | Found a shimmering altar of Xom.
   572 | D:1      | Reached XP level 2. HP: 22/22 MP: 1/5
   755 | D:1      | Learned a level 2 spell: Shroud of Golubria
   902 | D:1      | Reached XP level 3. HP: 9/28 MP: 0/6
  1902 | D:2      | Reached skill level 5 in Polearms
  1980 | D:2      | Reached XP level 4. HP: 19/34 MP: 4/7
  2584 | D:3      | Found a radiant altar of Vehumet.
  2749 | D:3      | Noticed Terence
  3010 | D:3      | Reached XP level 5. HP: 34/39 MP: 8/8
  3129 | D:3      | Found an iron altar of Okawaru.
  3328 | D:3      | Killed Terence
  3729 | D:4      | Reached XP level 6. HP: 46/46 MP: 1/9
  3831 | D:4      | Found a staircase to the Ecumenical Temple.
  3843 | Temple   | Entered the Ecumenical Temple
  3875 | Temple   | Became a worshipper of the Wu Jian Council
  4357 | D:4      | Noticed a phantom
  4398 | D:4      | Killed a phantom
  4568 | D:4      | Noticed a phantom
  4604 | D:4      | Killed a phantom
  4604 | D:4      | Reached XP level 7. HP: 46/51 MP: 4/10
  4878 | D:5      | Entered Level 5 of the Dungeon
  5394 | D:5      | Reached skill level 5 in Shields
  5453 | D:5      | Reached XP level 8. HP: 55/57 MP: 8/11
  5494 | D:5      | Found a glowing drain.
  5501 | Sewer    | Entered a sewer
  5517 | Sewer    | Reached * piety under Wu Jian
  5708 | Sewer    | Found a white marble altar of Elyvilon.
  6207 | D:5      | Reached skill level 10 in Polearms
  6207 | D:5      | Reached skill level 5 in Dodging
  7156 | D:6      | Found a blossoming altar of Fedhas.
  7172 | D:6      | Reached skill level 3 in Fighting
  7362 | D:6      | Found a stormy altar of Qazlal.
  7787 | D:7      | Reached ** piety under Wu Jian
  8000 | D:7      | Reached skill level 4 in Fighting
  8055 | D:7      | Reached XP level 9. HP: 50/65 MP: 5/12
  9300 | D:7      | Reached skill level 15 in Polearms
  9390 | D:8      | Reached XP level 10. HP: 60/73 MP: 11/13
  9559 | D:8      | Reached *** piety under Wu Jian
  9606 | D:8      | Found a staircase to the Lair.
  9724 | D:8      | Paralysed by a hornet for 3 turns
  9733 | D:7      | Reached skill level 5 in Fighting
 10140 | D:8      | Noticed a two-headed ogre
 11238 | D:9      | Found a deep blue altar of Sif Muna.
 11260 | D:9      | Found a snail-covered altar of Cheibriados.
 11261 | D:9      | Reached skill level 6 in Fighting
 11270 | D:9      | Found an ancient bone altar of Kikubaaqudgha.
 11288 | D:9      | Found an iron altar of Okawaru.
 11636 | D:9      | Found a flagged portal.
 11646 | Bailey   | Entered a bailey
 11660 | Bailey   | Reached **** piety under Wu Jian
 12257 | Bailey   | Noticed an orc sorcerer
 12257 | Bailey   | Noticed a kobold demonologist
 12258 | Bailey   | Found an iron altar of Okawaru.
 12267 | Bailey   | Killed an orc sorcerer
 12267 | Bailey   | Reached skill level 7 in Fighting
 12268 | Bailey   | Killed a kobold demonologist
 12453 | Bailey   | Reached XP level 11. HP: 48/86 MP: 9/14
 12936 | Bailey   | Reached skill level 8 in Fighting
 13119 | D:9      | Reached ***** piety under Wu Jian
 13279 | D:9      | Found a staircase to the Orcish Mines.
 13412 | Lair:1   | Entered Level 1 of the Lair of Beasts
 13492 | Lair:1   | Noticed an oklob plant
 13492 | Lair:1   | Noticed an oklob plant
 13519 | Lair:1   | Reached skill level 10 in Dodging
 13549 | Lair:1   | Noticed Prince Ribbit
 13553 | Lair:1   | Killed Prince Ribbit
 13560 | Lair:1   | Reached skill level 9 in Fighting
 14132 | Lair:1   | Noticed Gastronok
 14175 | Lair:1   | Killed Gastronok
 14175 | Lair:1   | Reached skill level 10 in Fighting
 14362 | Lair:2   | Found a radiant altar of Vehumet.
 14513 | Lair:2   | Reached XP level 12. HP: 74/97 MP: 15/15
 14693 | Lair:2   | Found a hole to the Spider Nest.
 14812 | Lair:2   | Noticed Sonja
 14820 | Lair:2   | Killed Sonja
 14820 | Lair:2   | Reached skill level 11 in Fighting
 15324 | Lair:3   | Noticed emsyzz's ghost (journeyman HOMo)
 15455 | Lair:3   | Killed emsyzz's ghost
 15628 | Lair:3   | Reached skill level 1 in Armour
 15735 | Lair:3   | Reached ****** piety under Wu Jian
 15762 | Lair:3   | Reached XP level 13. HP: 58/106 MP: 9/16
 15764 | Lair:3   | Got a heavily runed pewter ring
 15811 | Lair:3   | Identified the ring of Puix {rElec MR+ SInv} (You found it on level 3 of the Lair of Beasts)
 16018 | Lair:3   | Found a sparkling altar of Nemelex Xobeh.
 16191 | Lair:3   | Reached skill level 5 in Armour
 16554 | Lair:3   | Found a staircase to the Shoals.
 16667 | Lair:4   | Noticed Dolanko's ghost (journeyman DrGl)
 17745 | Lair:4   | Reached skill level 12 in Fighting
 18772 | Lair:4   | Noticed emsyzz's ghost (journeyman MiFi)
 18783 | Lair:4   | Killed emsyzz's ghost
 18783 | Lair:4   | Reached skill level 13 in Fighting
 19780 | Lair:6   | Entered Level 6 of the Lair of Beasts
 19828 | Lair:6   | Found a staircase to the Slime Pits.
 19828 | Lair:6   | Found a viscous altar of Jiyva.
 19888 | Lair:6   | Reached XP level 14. HP: 105/119 MP: 17/17
 19891 | Lair:6   | Reached skill level 15 in Dodging
 20026 | Lair:6   | Reached skill level 14 in Fighting
 20678 | Lair:6   | Reached skill level 15 in Fighting
 21597 | Lair:6   | Found a large runed door.
 21597 | Lair:6   | Found a large runed door.
 22081 | Lair:5   | You fall through a shaft!
 22291 | Orc:1    | Entered Level 1 of the Orcish Mines
 22637 | Orc:2    | Entered Level 2 of the Orcish Mines
 22647 | Orc:2    | Found Jiboeb's Antique Armour Boutique.
 22647 | Orc:2    | Noticed an orc warlord
 22791 | Orc:1    | Killed an orc warlord
 22791 | Orc:1    | Reached skill level 16 in Fighting
 23234 | Orc:2    | Found Gan Geso's General Store.
 23234 | Orc:2    | Found Uthaurph's General Store.
 23338 | Orc:2    | Found Vouvud's Jewellery Boutique.
 23400 | Orc:2    | Reached XP level 15. HP: 104/131 MP: 18/18
 23438 | Orc:2    | Found a staircase to the Elven Halls.
 23444 | Orc:2    | Found Pine Eke's Antique Weapon Boutique.
 23799 | Orc:2    | Bought a scroll of blinking for 97 gold pieces
 23933 | Orc:2    | Bought a scroll of identify for 28 gold pieces
 23933 | Orc:2    | Bought a box of beasts for 280 gold pieces
 24328 | Orc:1    | Noticed an orc warlord
 24664 | Orc:2    | Killed an orc warlord
 25061 | D:10     | Entered Level 10 of the Dungeon
 25158 | D:10     | Reached skill level 17 in Fighting
 25575 | D:11     | Noticed Snorg
 25590 | D:11     | Killed Snorg
 25907 | D:11     | Found Vosaav's Jewellery Boutique.
 25917 | D:11     | Bought an uncursed ring of protection from fire for 325 gold pieces
 25947 | D:11     | Noticed Fannar
 25968 | D:11     | Killed Fannar
 25968 | D:11     | Reached skill level 1 in Evocations
 27193 | D:13     | Found Huakon's Weapon Boutique.
 27801 | D:13     | Reached skill level 5 in Evocations
 27931 | D:14     | Reached skill level 18 in Fighting
 27966 | D:13     | Reached XP level 16. HP: 92/143 MP: 20/20
 28269 | D:14     | Found a gate to the Vaults.
 28307 | D:14     | Found Tonkip's Antique Weapon Boutique.
 28767 | D:15     | Entered Level 15 of the Dungeon
 28937 | D:15     | Found a radiant altar of Vehumet.
 29164 | D:15     | Found a staircase to the Depths.
 30130 | D:15     | Found an opulent altar of Gozag.
 30542 | Spider:1 | Entered Level 1 of the Spider Nest
 30712 | Spider:1 | Reached skill level 19 in Fighting
 30810 | Spider:1 | Noticed M4edhros's ghost (adept OpAr)
 30825 | Spider:1 | Killed M4edhros's ghost
 32139 | Spider:2 | Reached skill level 10 in Evocations
 32457 | Spider:2 | Reached XP level 17. HP: 153/153 MP: 24/24
 33127 | Spider:3 | Reached skill level 20 in Fighting
 33129 | Spider:3 | Noticed Arachne
 33155 | Spider:3 | Killed Arachne
 34502 | Spider:4 | Entered Level 4 of the Spider Nest
 34645 | Spider:4 | Reached skill level 21 in Fighting
 34718 | Spider:3 | HP: 7/158 [poisoned by a ghost moth]
 35428 | Spider:4 | Got a gossamer rune of Zot
 36079 | Shoals:1 | Entered Level 1 of the Shoals
 36188 | Shoals:1 | Reached skill level 22 in Fighting
 36214 | Shoals:1 | Reached XP level 18. HP: 168/168 MP: 25/25
 36887 | Shoals:2 | Found a frozen archway.
 36891 | IceCv    | Entered an ice cave
 37439 | IceCv    | Noticed an Ice Fiend
 37506 | IceCv    | Killed an Ice Fiend
 37549 | IceCv    | Identified the Grimoire of Sinister Cold
 37567 | IceCv    | Got a shimmering brass ring
 37568 | IceCv    | Identified the cursed ring "Dent" {*Contam rElec rC+ AC-3 Int+4} (You found it in an ice cave)
 37763 | Shoals:2 | Noticed Polyphemus
 37796 | Shoals:2 | Killed Polyphemus
 39427 | Shoals:3 | Found Neluqad's General Store.
 39435 | Shoals:3 | Bought a scroll of enchant weapon for 105 gold pieces
 39435 | Shoals:3 | Bought a scroll of identify for 28 gold pieces
 39493 | Shoals:4 | Entered Level 4 of the Shoals
 39587 | Shoals:4 | Noticed Ilsuiw
 39601 | Shoals:4 | Killed Ilsuiw
 39705 | Shoals:4 | Reached skill level 10 in Shields
 39824 | Shoals:4 | Got an ancient cloak
 39825 | Shoals:4 | Identified the +0 cloak "Ovuch" {rElec rCorr} (You found it on level 4 of the Shoals)
 40020 | Shoals:4 | Noticed Jorgrun
 40040 | Shoals:4 | Killed Jorgrun
 40654 | Shoals:4 | Reached XP level 19. HP: 175/175 MP: 26/26
 40874 | Shoals:4 | Got a barnacled rune of Zot
 41752 | Vaults:1 | Entered Level 1 of the Vaults
 42477 | Vaults:1 | Reached skill level 15 in Shields
 43001 | Vaults:1 | Noticed a lich
 43010 | Vaults:1 | Killed a lich
 43221 | Vaults:1 | Reached XP level 20. HP: 184/184 MP: 27/27
 43265 | Vaults:1 | Found a roughly hewn altar of Beogh.
 43483 | Vaults:2 | Noticed Mennas
 44267 | Vaults:2 | Killed Mennas
 44267 | Vaults:2 | Reached skill level 23 in Fighting
 44300 | Vaults:2 | Found a staircase to the Crypt.
 44444 | Vaults:2 | Found Malleac's Antique Armour Boutique.
 44452 | Vaults:2 | Bought a shiny chain mail for 292 gold pieces
 44452 | Vaults:2 | Bought a runed chain mail for 292 gold pieces
 45248 | Vaults:3 | Got a smoking large shield
 45259 | Vaults:3 | Identified the +2 large shield of Amelioration {rElec MR+ Int-4 Dex+2} (You acquired it on level 3 of the Vaults)
 45749 | Vaults:3 | Reached XP level 21. HP: 193/193 MP: 28/28
 45775 | Vaults:3 | Noticed a golden dragon
 46124 | Vaults:3 | Killed a golden dragon
 46415 | Vaults:3 | Reached skill level 24 in Fighting
 47406 | Vaults:4 | Found a portal to a secret trove of treasure.
 47564 | Vaults:4 | Reached XP level 22. HP: 204/204 MP: 29/29
 47724 | Vaults:4 | Found Tisor's Gadget Boutique.
 48102 | Vaults:4 | Noticed Saint Roka
 48382 | Vaults:4 | Killed Saint Roka
 48451 | Vaults:5 | Entered Level 5 of the Vaults
 48454 | Vaults:5 | Noticed a golden dragon
 48700 | Vaults:5 | Killed a golden dragon
 48792 | Vaults:5 | Got a silver rune of Zot
 48819 | Vaults:5 | Paralysed by a lich for 5 turns
 48830 | Vaults:5 | Reached skill level 25 in Fighting
 49037 | Vaults:5 | Got a pitted amber ring
 49185 | Vaults:5 | Noticed an ancient lich
 49197 | Vaults:5 | Killed an ancient lich
 49205 | Vaults:5 | Reached XP level 23. HP: 135/213 MP: 30/30
 49310 | Vaults:5 | Identified the ring "Geton" {Fire Str+3} (You took it off a deep elf death mage on level 5 of the Vaults)
 49419 | Vaults:5 | Got a crude shield
 49420 | Vaults:5 | Identified the +2 shield "Giyvijic" {Str+6 Dex-4} (You found it on level 5 of the Vaults)
 49485 | Vaults:5 | Noticed a golden dragon
 49500 | Vaults:5 | Killed a golden dragon
 50751 | Depths:1 | Entered Level 1 of the Depths
 50800 | Depths:1 | Found a runed gate.
 50800 | Depths:1 | Found a runed gate.
 50800 | Depths:1 | Found a runed gate.
 51226 | Depths:1 | Found a gateway to Hell.
 51880 | Depths:1 | Reached XP level 24. HP: 223/223 MP: 30/30
 51986 | Depths:1 | Found a one-way gate to the infinite horrors of the Abyss.
 52266 | Depths:2 | Paralysed by a floating eye for 4 turns
 52330 | Depths:2 | Found an iron altar of Okawaru.
 52395 | Depths:2 | Found a one-way gate leading to the halls of Pandemonium.
 52470 | Depths:2 | Reached skill level 26 in Fighting
 53450 | Depths:3 | Noticed Bai Suzhen
 53476 | Depths:3 | Killed Bai Suzhen
 53658 | Depths:3 | Found a sparkling altar of Nemelex Xobeh.
 53926 | Depths:3 | Found a radiant altar of Vehumet.
 53929 | Depths:3 | Noticed the Enchantress
 53947 | Depths:3 | Killed the Enchantress
 53960 | Depths:3 | Identified the Incunabulum of Transmutation
 53971 | Depths:3 | Got faerie dragon scales
 53973 | Depths:3 | Identified the +2 faerie dragon scales {rElec rC+ rCorr Str+3} (You took it off the Enchantress on level 3 of the Depths)
 54250 | Depths:3 | Noticed Louise
 54265 | Depths:3 | Killed Louise
 54772 | Depths:2 | Reached XP level 25. HP: 207/232 MP: 30/30
 55083 | Depths:3 | Gained mutation: You are clumsy. (Dex -2) [a cacodemon]
 55094 | Depths:3 | Lost mutation: You are clumsy. (Dex -2) [potion of mutation]
 55094 | Depths:3 | Gained mutation: You have a pair of small antennae on your head. [potion of mutation]
 55094 | Depths:3 | Gained mutation: Your system is resistant to poisons. (rPois) [potion of mutation]
 55095 | Depths:3 | Lost mutation: You have a pair of small antennae on your head. [potion of mutation]
 55095 | Depths:3 | Lost mutation: Your system is resistant to poisons. (rPois) [potion of mutation]
 55095 | Depths:3 | Gained mutation: You are frail. (-10% HP) [potion of mutation]
 55095 | Depths:3 | Gained mutation: You do not regenerate when monsters are visible. [potion of mutation]
 55095 | Depths:3 | Gained mutation: Your spells are a little harder to cast, but a little more powerful. [potion of mutation]
 55095 | Depths:3 | Gained mutation: Your flesh is heat resistant. (rF+) [potion of mutation]
 55096 | Depths:3 | Lost mutation: Your flesh is heat resistant. (rF+) [potion of mutation]
 55096 | Depths:3 | Lost mutation: You are frail. (-10% HP) [potion of mutation]
 55096 | Depths:3 | Lost mutation: Your spells are a little harder to cast, but a little more powerful. [potion of mutation]
 55096 | Depths:3 | Lost mutation: You do not regenerate when monsters are visible. [potion of mutation]
 55096 | Depths:3 | Gained mutation: You are clumsy. (Dex -2) [potion of mutation]
 55096 | Depths:3 | Gained mutation: You are somewhat resistant to further mutation. [potion of mutation]
 55097 | Depths:3 | Lost mutation: You are clumsy. (Dex -2) [potion of mutation]
 55097 | Depths:3 | Lost mutation: You are somewhat resistant to further mutation. [potion of mutation]
 55097 | Depths:3 | Gained mutation: You are partially covered in iridescent scales. (AC +2) [potion of mutation]
 55097 | Depths:3 | Gained mutation: You are mostly covered in iridescent scales. (AC +4) [potion of mutation]
 55767 | Depths:4 | Noticed Sojobo
 55849 | Depths:4 | Killed Sojobo
 56325 | Depths:4 | Cast into level 3 of the Abyss (a deep elf sorcerer)
 56429 | Abyss:3  | Reached skill level 27 in Fighting
 56559 | Abyss:3  | Gained mutation: You are frail. (-10% HP) [a cacodemon]
 56563 | Abyss:3  | Paralysed by you for 2 turns
 57056 | Depths:4 | Escaped the Abyss
 57818 | Depths:5 | Entered Level 5 of the Depths
 57828 | Depths:5 | Found a gateway to a ziggurat.
 57833 | Depths:5 | Noticed Frederick
 58095 | Depths:4 | Killed Frederick
 58499 | Depths:5 | Found a gate to the Realm of Zot.
 58723 | Depths:5 | Reached XP level 26. HP: 157/217 MP: 30/30
 59095 | Depths:5 | Reached skill level 10 in Armour
 59679 | Zot:1    | Entered Level 1 of the Realm of Zot
 60150 | Zot:1    | Noticed an orb of fire
 60157 | Zot:1    | Gained mutation: Your spells are a little harder to cast, but a little more powerful. [an orb of fire]
 60165 | Zot:1    | Killed an orb of fire
 60713 | Zot:1    | Noticed an orb of fire
 60721 | Zot:1    | Gained mutation: You are occasionally teleported next to monsters. [an orb of fire]
 60726 | Zot:1    | Killed an orb of fire
 60729 | Zot:1    | Lost mutation: You are frail. (-10% HP) [potion of mutation]
 60729 | Zot:1    | Lost mutation: Your spells are a little harder to cast, but a little more powerful. [potion of mutation]
 60729 | Zot:1    | Lost mutation: You are mostly covered in iridescent scales. (AC +4) [potion of mutation]
 60729 | Zot:1    | Lost mutation: You are occasionally teleported next to monsters. [potion of mutation]
 60729 | Zot:1    | Gained mutation: Your flesh is heat resistant. (rF+) [potion of mutation]
 60729 | Zot:1    | Lost mutation: Your flesh is heat resistant. (rF+) [potion of mutation]
 60729 | Zot:1    | Gained mutation: You are resistant to hostile enchantments. (MR+) [potion of mutation]
 61672 | Zot:5    | Entered Level 5 of the Realm of Zot
 61901 | Zot:5    | Reached XP level 27. HP: 225/249 MP: 30/30
 62521 | Zot:5    | Noticed an ancient lich
 62531 | Zot:5    | Noticed an orb of fire
 62533 | Zot:5    | Killed an ancient lich
 62533 | Zot:5    | Gained mutation: You are dopey. (Int -2) [an orb of fire]
 62537 | Zot:5    | Gained mutation: You have an increased reservoir of magic. (+10% MP) [an orb of fire]
 62541 | Zot:5    | Killed an orb of fire
 62543 | Zot:5    | Noticed an orb of fire
 62545 | Zot:5    | Noticed an ancient lich
 62548 | Zot:5    | Killed an orb of fire
 62548 | Zot:5    | Killed an ancient lich
 62835 | Zot:5    | Got the Orb of Zot
 62850 | Zot:5    | Noticed Gilelyk the pandemonium lord
 62857 | Zot:5    | Noticed an orb of fire
 62858 | Zot:5    | Gained mutation: You are frail. (-10% HP) [an orb of fire]
 62865 | Zot:5    | Gained mutation: You are weak. (Str -2) [an orb of fire]
 62870 | Zot:5    | Killed an orb of fire
 62878 | Zot:5    | Noticed an ancient lich
 62934 | Zot:3    | Reached skill level 15 in Armour
 62942 | Zot:3    | Gained mutation: You are very frail. (-20% HP) [a neqoxec]
 62947 | Zot:3    | Lost mutation: You have an increased reservoir of magic. (+10% MP) [potion of mutation]
 62947 | Zot:3    | Lost mutation: You are very frail. (-20% HP) [potion of mutation]
 62947 | Zot:3    | Lost mutation: You are resistant to hostile enchantments. (MR+) [potion of mutation]
 62947 | Zot:3    | Lost mutation: You are dopey. (Int -2) [potion of mutation]
 62947 | Zot:3    | Lost mutation: You are weak. (Str -2) [potion of mutation]
 62947 | Zot:3    | Gained mutation: Armour fits poorly on your strangely shaped body. [potion of mutation]
 62947 | Zot:3    | Gained mutation: You are resistant to hostile enchantments. (MR+) [potion of mutation]
 62948 | Zot:3    | Lost mutation: Armour fits poorly on your strangely shaped body. [potion of mutation]
 62948 | Zot:3    | Lost mutation: You are frail. (-10% HP) [potion of mutation]
 62948 | Zot:3    | Lost mutation: You are resistant to hostile enchantments. (MR+) [potion of mutation]
 62948 | Zot:3    | Lost mutation: You are partially covered in iridescent scales. (AC +2) [potion of mutation]
 62948 | Zot:3    | Gained mutation: You are agile. (Dex +2) [potion of mutation]
 62948 | Zot:3    | Gained mutation: Your muscles are strong. (Str +2) [potion of mutation]
 62948 | Zot:3    | Gained mutation: Your mind is acute. (Int +2) [potion of mutation]
 63461 | D:$      | Escaped with the Orb!

Vault maps used:
D:1:      minmay_arrival_split_and_join, xom_teletrap_fun
D:2:      dk_noncrumbling_3
D:3:      vehumet_crystals, lemuel_round_altar, first_bread, uniq_terence
D:4:      minmay_temple_entry_glass
D:5:      lightli_sewer_entry_pipes, serial_bayou_ford_a
D:6:      overflow_temple_1_default, fedhas_altar_2
D:8:      lair_entry_dummy
D:9:      old_standard_altar, grunt_temple_overflow_open, hiddenorc1_lemuel,
          lightli_bailey_entry_fortress, basic_altar
D:11:     kb_forest_paths, serial_shops, shop_fountains, uniq_snorg, uniq_fannar
D:13:     serial_shops, shop
D:14:     erik_vaults_2, serial_shops, nicolae_shop_overgrown_old_shop,
          grunt_decor_one_mirror
D:15:     grunt_enter_depths_giant_problem,
          nicolae_gozag_cash_rules_everything_around_me, basic_altar,
          grunt_ministairs_15, st_stairs_13
Temple:   nicolae_temple_great_sept
Lair:1:   minmay_lair_oklob_chamber, infiniplex_staircase_pool, uniq_gastronok,
          uniq_prince_ribbit2
Lair:2:   nicolae_spider_entry_tight_spaces, basic_altar, uniq_sonja
Lair:3:   elwin_shoals_entry_rooms, basic_altar, worms_lemuel,
          grunt_megastairs_4
Lair:4:   minmay_guarded_unrand_snakebite, beast_lair_carwin_7
Lair:6:   cheibrodos_lair_end_hotspot, slime_altar_1, minivault_25,
          lemuel_fruit_tree
Shoals:2: portal_ice_cave_entry_pillars_three, uniq_polyphemus
Shoals:3: serial_shops, shop, nicolae_shoals_stone_sculpture_thing
Shoals:4: shoals_end_grunt_ice, shoals_ilsuiw_ice, uniq_jorgrun
Spider:1: spider_trap
Spider:2: guppyfry_spider_mini_1, nicolae_spider_cling_ruins
Spider:3: spider_trap, uniq_arachne
Spider:4: guppyfry_spider_rune
Orc:2:    grunt_orc_gardens, grunt_orc_garden, grunt_orc_garden,
          grunt_orc_garden, grunt_orc_garden, lab_entry_generic, serial_shops,
          shop, lightli_orcish_oven
Vaults:1: grunt_vaults_hallway_long, v_pattern_2, vaults_mumra_minichess,
          v_misc_19, nicolae_vaults_network_barrier, hangedman_vaults_hat,
          nicolae_vaults_angled_halls, nicolae_vaults_big_ls,
          hangedman_vaults_corner, serial_ice_h, special_room_vaults,
          ontoclasm_vaults_gateway
Vaults:2: minmay_crypt_entry_simple_statues, v_misc_19, v_pattern_3,
          nicolae_vaults_shelves_hall, ontoclasm_vaults_shuriken,
          nicolae_vaults_three_branches, serial_shops, shop, uniq_mennas
Vaults:3: vaults_room_grid, v_misc_29, ontoclasm_vaults_hangar,
          grunt_vaults_funnel, vaults_room_pools,
          nicolae_vaults_little_squares_6, ontoclasm_vaults_decontamination,
          v_rooms_6, grunt_vaults_funneled_arena,
          nicolae_vaults_border_crossing, nicolae_vaults_sealed_display,
          vaults_room_pools
Vaults:4: v_alt_pattern_4, nicolae_vaults_ninety_degrees,
          hangedman_vaults_river_flow, grunt_vaults_hallway_long,
          ontoclasm_vaults_fault, v_misc_31, hangedman_vaults_restitches,
          vaults_room_fancy_cross, vaults_room_corners, grunt_vaults_swirl,
          v_misc_17, nicolae_vaults_little_squares_5, grunt_vaults_focal,
          serial_shops, shop, enter_trove_0, uniq_saint_roka
Depths:1: serial_co_window_serial, co_window_paths_a,
          co_window_of_opportunity_a, co_window_of_opportunity_a,
          co_window_corner_a, co_window_paths_a, co_window_corner_ca,
          co_window_broadway_b, co_window_paths_c, co_window_4corner_a,
          glass_columns_a, glass_columns_b, kennysheep_decorative_pillar,
          grunt_hell_entry_dis_grunt, abyss_entry_small_statue_room,
          pandoras_box_mu
Depths:2: evilmike_iron_armoury, abyss_entry, pf_coc_iceberg, pan_entry,
          roderic_greek_sauvastika, minmay_staircase_statues, grunt_megastairs_3
Depths:3: grunt_forest_end_shrine, minmay_misc_feat_four_crosses,
          nicolae_abyss_entry_one_way_or_another, rand_demon_pan_entry_4,
          hangedman_tar_grid_catacomb, abandoned_shop,
          nemelex_xobeh_ov_fountains_minmay, uniq_bai_suzhen
Depths:4: minmay_swirls_squares, grunt_pan_entry_spiral, hangedman_geh_valley,
          abyss_entry, minmay_door_square, hangedman_decor_opposing,
          infiniplex_staircase_x, uniq_sojobo
Depths:5: grunt_zot_entry_tricorne, enter_ziggurat_c, minmay_misc_feat_pillars,
          rand_demon_pan_entry_7, hell_entry, abyss_entry, uniq_frederick
Zot:1:    regret_index_qazlal_generations
Zot:3:    zot_minivault_4
Zot:5:    hangedman_zot_decor_slant, st_stairs_4
Abyss:3:  evilmike_abyss_exit_12
Sewer:    sewer_kobolds
Bailey:   bailey_axe_of_yendor_kennysheep, bailey
IceCv:    ice_cave_caverns_02

Skill      XL: |  1  2  3  4  5  6  7  8  9 10 11 12 13 14 15 16 17 18 19 20 21 22 23 24 25 26 27 |
---------------+----------------------------------------------------------------------------------+-----
Dodging        | 3 5 9 12 13 14 16 17 | 17.0
Polearms       | 4 5 6 7 9 11 15 16 17 18 20 22 | 22.5
Charms         | 4 |  4.0
Shields        | 2 5 12 16 18 20 21 23 25 | 25.0
Fighting       | 4 7 10 11 13 16 18 19 22 23 24 25 26 27 | 27.0
Armour         | 4 6 8 9 12 15 | 15.1
Evocations     | 5 10 | 10.1
Spellcasting   | |  2.0

Action                   |  1- 3 |  4- 6 |  7- 9 | 10-12 | 13-15 | 16-18 | 19-21 | 22-24 | 25-27 || total
-------------------------+-------+-------+-------+-------+-------+-------+-------+-------+-------++-------
Melee: Spear             |   173 |   306 |   453 |       |       |       |       |       |       ||   932
       Tailslap          |       |       |     3 |    16 |       |    41 |    12 |     6 |     5 ||    83
       Trident           |       |       |   186 |   467 |       |       |       |       |       ||   653
       Demon trident     |       |       |       |   455 |  1806 |  1987 |  2571 |  2929 |  2735 || 12483
 Cast: Infusion          |     9 |    12 |    20 |     1 |       |       |       |       |       ||    42
Invok: Serpent's Lash    |       |       |       |       |     2 |     3 |       |     1 |     5 ||    11
       Heaven On Earth   |       |       |       |       |       |     1 |     1 |     2 |       ||     4
Evoke: Wand              |       |       |       |     6 |     4 |    12 |     1 |     1 |     7 ||    31
       Box of beasts     |       |       |       |       |       |     2 |       |       |       ||     2
  Use: Potion            |     2 |     2 |     1 |     1 |     1 |     4 |       |       |    16 ||    27
       Scroll            |       |     5 |     9 |    12 |    13 |    20 |     4 |    13 |    11 ||    87
 Stab: Invisible         |     2 |       |       |       |       |       |       |       |       ||     2
       Sleeping          |     1 |     2 |       |       |       |       |       |       |       ||     3
       Paralysed         |       |       |       |     3 |       |     1 |       |       |       ||     4
       Petrified         |       |       |       |       |     4 |     8 |       |       |       ||    12
       Petrifying        |       |       |       |       |     3 |       |       |       |       ||     3
       Distracted        |       |       |       |       |     1 |     2 |       |     1 |     3 ||     7
       Confused          |       |       |       |       |       |     1 |       |       |       ||     1
  Eat: Chunk             |     4 |     9 |    12 |    17 |    36 |    35 |    24 |    24 |    16 ||   177
       Royal jelly       |       |       |     1 |     1 |     2 |     5 |     1 |     2 |    11 ||    23
       Meat ration       |       |       |     1 |       |       |       |       |       |       ||     1
       Fruit             |       |       |       |     3 |       |     1 |       |       |       ||     4
Armor: Leather armour    |    24 |    11 |       |       |       |       |       |       |       ||    35
       Skin              |     5 |    12 |    10 |       |       |       |       |       |       ||    27
       Scale mail        |       |    31 |    90 |    28 |       |       |       |       |       ||   149
       Plate armour      |       |       |       |   102 |   245 |   461 |   255 |   349 |   108 ||  1520
       Gold dragon scale |       |       |       |       |       |       |       |       |   244 ||   244
Dodge: Dodged            |    80 |    88 |   159 |   197 |   359 |   507 |   353 |   459 |   348 ||  2550
Block: Buckler           |       |    34 |   127 |   162 |   550 |   597 |       |       |       ||  1470
       Reflection        |       |       |       |       |    34 |    54 |   137 |   114 |    67 ||   406
       Shield            |       |       |       |       |       |   183 |   388 |       |       ||   571
       Large shield      |       |       |       |       |       |    35 |  1108 |  2283 |  1815 ||  5241
